WCHLSIM.com - West Coast Hockey League
html PUBLIC "-//W3C//DTD XHTML 1.0 Transitional//EN" "http://www.w3.org/TR/xhtml1/DTD/xhtml1-transitional.dtd"> WCHL - Game 160 - UTAH ICE BEARS vs KANSAS CITY KILLERBEES

UTAH ICE BEARS vs KANSAS CITY KILLERBEES

Created - 4 novembre 2022 at 21:48

Goals
1 2 3 OT1 SO T
UTAH ICE BEARS 0 2 2 0 2 5
KANSAS CITY KILLERBEES 2 1 1 0 1 4
Shots
1 2 3 OT1 SO T
UTAH ICE BEARS 5 14 21 2 4 42
KANSAS CITY KILLERBEES 9 7 4 2 4 22

1st period

1. KANSAS CITY KILLERBEES , Mason Marchment 8 (Alexis Lafreniere 3, Tyler Johnson 5) at 14:29 (PP)
2. KANSAS CITY KILLERBEES , Yegor Sharangovich 6 (James van Riemsdyk 8) at 17:10

Penalties :
MacKenzie Weegar (UTA) for Roughing (Minor) at 0:20, Jakub Zboril (KCK) for Slashing (Minor) at 5:46, Evgeni Malkin (UTA) for Interference (Minor) at 8:46, Artem Zub (UTA) for Roughing (Minor) at 12:36

2nd period

3. KANSAS CITY KILLERBEES , Mason Marchment 9 (Alexis Lafreniere 4, Jakub Zboril 1) at 10:37
4. UTAH ICE BEARS , Evgeni Malkin 5 (Andrew Mangiapane 4) at 10:43
5. UTAH ICE BEARS , Alexander Barabanov 4 (Lucas Raymond 6, Matthew Beniers 6) at 13:30

Penalties :
No Penalty

3rd period

6. KANSAS CITY KILLERBEES , Mason Marchment 10 (Alexis Lafreniere 5) at 7:04 (PP)
7. UTAH ICE BEARS , Lucas Raymond 5 (Alexander Barabanov 8) at 10:12
8. UTAH ICE BEARS , Lucas Raymond 6 (Alexander Barabanov 9, Matthew Beniers 7) at 12:44

Penalties :
Artem Zub (UTA) for Interference (Minor) at 6:58, Zach Aston-Reese (KCK) for Interference (Minor) at 7:49

Overtime #1

No Goal

Penalties :
No Penalty

Shootout

UTAH ICE BEARS, Evgeni Malkin - Goal!
KANSAS CITY KILLERBEES, Alexis Lafreniere - Goal!
UTAH ICE BEARS, Blake Lizotte - Stopped by Casey DeSmith
KANSAS CITY KILLERBEES, Yegor Sharangovich - Shot Misses the Net
UTAH ICE BEARS, Kyle Okposo - Stopped by Casey DeSmith
KANSAS CITY KILLERBEES, Tyler Johnson - Stopped by Thatcher Demko
UTAH ICE BEARS, Alexander Barabanov - Goal!
KANSAS CITY KILLERBEES, James van Riemsdyk - Shot Misses the Net

Penalties :
No Penalty

Goalie Stats

Connor Ingram (UTA), 13 saves from 17 shots - (0,765), 47:04 minutes
Thatcher Demko (UTA), 5 saves from 5 shots - (1,000), W, 7-2-1, 17:56 minutes
Casey DeSmith (KCK), 38 saves from 42 shots - (0,905), OTL, 2-1-2, 65:00 minutes

Players Stats for UTAH ICE BEARS

Player Name              G  A  P  +/- PIM S  H  SB GA TA FO     MP     PP MP  PK MP  
------------------------------------------------------------------------------------
Alexander Barabanov      1  2  3   1  0   4  2  1  0  0  0/2    20:12   2:04   0:00 
Andrew Mangiapane        0  1  1   1  0   2  3  0  0  0  2/2    20:48   0:00   0:00 
Andrew Peeke             0  0  0  -1  0   0  3  3  0  0  0/0    24:53   2:24   3:10 
Artem Zub                0  0  0   2  4   2  2  0  0  0  0/0    12:51   0:00   0:55 
Blake Lizotte            0  0  0   0  0   0  0  0  0  0  3/13    7:18   0:00   3:24 
Bowen Byram              0  0  0  -1  0   0  2  1  0  0  0/0    21:20   1:34   0:00 
Casey Mittelstadt        0  0  0   0  0   1  0  0  0  0  1/1     3:54   0:00   0:00 
Evgeni Malkin            1  0  1   1  2   11 0  0  0  0  23/34  22:49   1:54   0:00 
Kyle Okposo              0  0  0   1  0   0  2  0  0  0  1/2    24:09   0:00   3:24 
Lucas Raymond            2  1  3   1  0   6  3  0  0  0  0/3    18:01   2:04   0:00 
MacKenzie Weegar         0  0  0   1  2   1  1  1  0  0  0/0    24:35   1:34   1:52 
Mark Pysyk               0  0  0   2  0   2  1  0  0  0  0/0    17:23   2:24   3:01 
Matthew Beniers          0  2  2   1  0   2  2  0  0  0  7/24   18:01   2:04   0:00 
Nicholas Paul            0  0  0   0  0   4  0  0  0  0  0/2    16:42   1:54   2:33 
Ross Colton              0  0  0   0  0   1  1  0  0  0  9/18   12:07   0:00   0:00 
Rudolfs Balcers          0  0  0   0  0   4  4  0  0  0  1/2    16:07   1:54   2:33 
T.J. Brodie              0  0  0   1  0   1  0  0  0  0  0/0    23:55   0:00   2:56 
Zachary Sanford          0  0  0   0  0   1  1  0  0  0  0/0     3:54   0:00   0:00 

Players Stats for KANSAS CITY KILLERBEES

Player Name              G  A  P  +/- PIM S  H  SB GA TA FO     MP     PP MP  PK MP  
------------------------------------------------------------------------------------
Alexis Lafreniere        0  3  3  -1  0   0  0  1  0  0  1/2    23:10   2:47   0:00 
Anders Bjork             0  0  0   0  0   1  1  0  0  0  0/2    18:53   3:10   0:43 
Buddy Robinson           0  0  0  -1  0   0  0  0  0  0  0/0    13:02   0:00   2:51 
Cam Fowler               0  0  0  -3  0   1  0  5  0  0  0/0    23:01   0:00   0:56 
Jacob Muzzin             0  0  0  -3  0   1  1  2  0  0  0/0    18:17   0:00   0:00 
Jake Lucchini            0  0  0   0  0   0  0  0  0  0  3/5    10:05   0:00   2:51 
Jakub Zboril             0  1  1   2  2   1  3  0  0  0  0/0    20:22   2:51   1:08 
James van Riemsdyk       0  1  1   0  0   5  2  0  0  0  2/5    20:53   3:10   0:00 
K'Andre Miller           0  0  0   2  0   1  2  2  0  0  0/0    24:24   3:06   1:22 
Keith Yandle             0  0  0  -1  0   0  2  1  0  0  0/0    18:06   3:06   2:06 
MacKenzie Entwistle      0  0  0   0  0   1  1  0  0  0  0/0     8:13   0:00   0:00 
Mason Marchment          3  0  3  -1  0   7  4  0  0  0  0/0    20:27   2:47   0:00 
Michael Chaput           0  0  0   0  0   0  0  0  0  0  8/10    7:38   0:00   0:24 
Ryan Dzingel             0  0  0  -1  0   0  0  0  0  0  4/7    12:36   0:00   1:07 
Tyler Johnson            0  1  1  -1  0   0  2  0  0  0  21/32  20:35   2:47   0:00 
Will Butcher             0  0  0  -1  0   0  0  2  0  0  0/0    20:49   2:51   2:24 
Yegor Sharangovich       1  0  1   0  0   3  0  0  0  0  11/26  20:19   3:10   0:00 
Zach Aston-Reese         0  0  0  -1  2   1  1  1  0  0  6/14   10:10   0:00   0:00 

3 Stars

1 - Lucas Raymond (UTA)
2 - Mason Marchment (KCK)
3 - Alexander Barabanov (UTA)

Power Play

UTAH ICE BEARS - 0 on 2 Attempt(s) - 0,00%
KANSAS CITY KILLERBEES - 2 on 4 Attempt(s) - 50,00%

Penalty Kill

UTAH ICE BEARS - 2 on 4 Attempt(s) - 50,00% - Score 0 goal in Penalty Kill
KANSAS CITY KILLERBEES - 2 on 2 Attempt(s) - 100,00% - Score 0 goal in Penalty Kill

Team Stat

UTAH ICE BEARS - Hits : 27 - Faceoff Wins : 47 - Blocked Shots : 6 - Penalty Minutes : 8
KANSAS CITY KILLERBEES - Hits : 19 - Faceoff Wins : 56 - Blocked Shots : 14 - Penalty Minutes : 4

Official

Referees : Sean MacFarlane and Andrew Wilk
Linesman : Pierre Racicot and Mark Shewchyk

Game Notes

Mason Marchment has scored a Hat Trick!
Thatcher Demko enters game at 7:04 of 3rd period

Finance

Level 1 -- Attendance: 6087 (93,65%) -- Ticket Income 913 050 $
Level 2 -- Attendance: 4187 (79,00%) -- Ticket Income 502 440 $
Level 3 -- Attendance: 2057 (82,28%) -- Ticket Income 185 130 $
Level 4 -- Attendance: 4200 (100,00%) -- Ticket Income 210 000 $
Luxury Box -- Attendance: 996 (97,65%) -- Ticket Income 288 840 $
Game was played at the Missouri Beehive Complex.
Total Attendance: 17527 (89,79%)
Total Ticket Income: 2 099 460 $
Other Expense: 20 995 $
Total Income: 2 078 465 $

UTAH ICE BEARS

5 vs 5 Forward 
   Center                   Left Wing                Right Wing               Time % Phy DF OF 
 1 Evgeni Malkin            Andrew Mangiapane        Kyle Okposo              36     1   2  2  
 2 Matthew Beniers          Alexander Barabanov      Lucas Raymond            31     1   2  2  
 3 Ross Colton              Nicholas Paul            Rudolfs Balcers          23     1   2  2  
 4 Blake Lizotte            Zachary Sanford          Casey Mittelstadt        10     1   2  2  

5 vs 5 Defense 
   Defense                  Defense                                           Time % Phy DF OF 
 1 MacKenzie Weegar         T.J. Brodie                                       36     1   2  2  
 2 Bowen Byram              Andrew Peeke                                      31     1   2  2  
 3 Mark Pysyk               Artem Zub                                         23     1   2  2  
 4 Bowen Byram              Andrew Peeke                                      10     1   2  2  

PowerPlay Forward 
   Center                   Left Wing                Right Wing               Time % Phy DF OF 
 1 Evgeni Malkin            Rudolfs Balcers          Nicholas Paul            55     1   2  2  
 2 Matthew Beniers          Alexander Barabanov      Lucas Raymond            45     1   2  2  

PowerPlay Defense
   Defense                  Defense                                           Time % Phy DF OF 
 1 Bowen Byram              MacKenzie Weegar                                  55     1   2  2  
 2 Mark Pysyk               Andrew Peeke                                      45     1   2  2  

Penalty Kill 4 Players Forward 
   Center                   Wing                     Time % Phy DF OF 
 1 Blake Lizotte            Kyle Okposo              55     1   2  2  
 2 Nicholas Paul            Rudolfs Balcers          45     1   2  2  

Penalty Kill 4 Players Defense
   Defense                  Defense                  Time % Phy DF OF 
 1 MacKenzie Weegar         Mark Pysyk               55     1   2  2  
 2 T.J. Brodie              Andrew Peeke             45     1   2  2  

Penalty Kill - 3 Players Forward 
   Forward                                           Time % Phy DF OF 
 1 Blake Lizotte                                     55     1   2  2  
 2 Nicholas Paul                                     45     1   2  2  

Penalty Kill - 3 Players Defense
   Defense                  Defense                  Time % Phy DF OF 
 1 MacKenzie Weegar         T.J. Brodie              55     1   2  2  
 2 Mark Pysyk               Andrew Peeke             45     1   2  2  

4 vs 4 Forward 
   Center                   Wing                     Time % Phy DF OF 
 1 Evgeni Malkin            Kyle Okposo              55     1   2  2  
 2 Matthew Beniers          Alexander Barabanov      45     1   2  2  

4 vs 4 Defense
   Defense                  Defense                  Time % Phy DF OF 
 1 MacKenzie Weegar         T.J. Brodie              55     1   2  2  
 2 Mark Pysyk               Andrew Peeke             45     1   2  2  

Last Minutes Offensive
   Center                   Left Wing                Right Wing               Defense                  Defense                  
   Evgeni Malkin            Casey Mittelstadt        Andrew Mangiapane        MacKenzie Weegar         T.J. Brodie              

Last Minutes Defensive
   Center                   Left Wing                Right Wing               Defense                  Defense                  
   Evgeni Malkin            Casey Mittelstadt        Kyle Okposo              MacKenzie Weegar         T.J. Brodie              

Goaltenders
Starting : Connor Ingram            
Backup : Thatcher Demko           

Extra Forwards
Normal : Casey Mittelstadt, Ross Colton, Blake Lizotte - PP : Casey Mittelstadt, Ross Colton - PK : Blake Lizotte
Extra Defensemen
Normal : Mark Pysyk, MacKenzie Weegar, T.J. Brodie - PP : Mark Pysyk - PK : Andrew Peeke, MacKenzie Weegar
Penalty Shots
Evgeni Malkin, Blake Lizotte, Kyle Okposo, Alexander Barabanov, Nicholas Paul
Custom OT Lines Forwards
Evgeni Malkin, Andrew Mangiapane, Kyle Okposo, Alexander Barabanov, Nicholas Paul, Ross Colton, Lucas Raymond, Blake Lizotte, Casey Mittelstadt, Matthew Beniers
Custom OT Lines Defensemen
MacKenzie Weegar, T.J. Brodie, Bowen Byram, Andrew Peeke, Mark Pysyk

Scratches
Leo Komarov (Healthy), Radim Simek (Healthy), Troy Stecher (Healthy), Tucker Poolman (Healthy)

KANSAS CITY KILLERBEES

5 vs 5 Forward 
   Center                   Left Wing                Right Wing               Time % Phy DF OF 
 1 Tyler Johnson            Mason Marchment          Alexis Lafreniere        36     1   2  2  
 2 Yegor Sharangovich       James van Riemsdyk       Anders Bjork             31     1   2  2  
 3 Zach Aston-Reese         Ryan Dzingel             Buddy Robinson           23     1   2  2  
 4 Michael Chaput           Jake Lucchini            MacKenzie Entwistle      10     1   2  2  

5 vs 5 Defense 
   Defense                  Defense                                           Time % Phy DF OF 
 1 Cam Fowler               Jacob Muzzin                                      36     1   2  2  
 2 K'Andre Miller           Jakub Zboril                                      31     1   2  2  
 3 Keith Yandle             Will Butcher                                      23     1   2  2  
 4 K'Andre Miller           Cam Fowler                                        10     1   2  2  

PowerPlay Forward 
   Center                   Left Wing                Right Wing               Time % Phy DF OF 
 1 Tyler Johnson            Mason Marchment          Alexis Lafreniere        55     1   2  2  
 2 Yegor Sharangovich       James van Riemsdyk       Anders Bjork             45     1   2  2  

PowerPlay Defense
   Defense                  Defense                                           Time % Phy DF OF 
 1 K'Andre Miller           Keith Yandle                                      55     1   2  2  
 2 Jakub Zboril             Will Butcher                                      45     1   2  2  

Penalty Kill 4 Players Forward 
   Center                   Wing                     Time % Phy DF OF 
 1 Jake Lucchini            Buddy Robinson           55     1   2  2  
 2 Ryan Dzingel             Anders Bjork             45     1   2  2  

Penalty Kill 4 Players Defense
   Defense                  Defense                  Time % Phy DF OF 
 1 Will Butcher             Jakub Zboril             55     1   2  2  
 2 K'Andre Miller           Keith Yandle             45     1   2  2  

Penalty Kill - 3 Players Forward 
   Forward                                           Time % Phy DF OF 
 1 Tyler Johnson                                     55     1   2  2  
 2 Michael Chaput                                    45     1   2  2  

Penalty Kill - 3 Players Defense
   Defense                  Defense                  Time % Phy DF OF 
 1 Will Butcher             Jakub Zboril             55     1   2  2  
 2 Keith Yandle             K'Andre Miller           45     1   2  2  

4 vs 4 Forward 
   Center                   Wing                     Time % Phy DF OF 
 1 Yegor Sharangovich       James van Riemsdyk       55     1   2  2  
 2 Tyler Johnson            Alexis Lafreniere        45     1   2  2  

4 vs 4 Defense
   Defense                  Defense                  Time % Phy DF OF 
 1 Will Butcher             Cam Fowler               55     1   2  2  
 2 K'Andre Miller           Keith Yandle             45     1   2  2  

Last Minutes Offensive
   Center                   Left Wing                Right Wing               Defense                  Defense                  
   Tyler Johnson            Mason Marchment          Alexis Lafreniere        Cam Fowler               Jacob Muzzin             

Last Minutes Defensive
   Center                   Left Wing                Right Wing               Defense                  Defense                  
   Yegor Sharangovich       Mason Marchment          Anders Bjork             Cam Fowler               Jacob Muzzin             

Goaltenders
Starting : Casey DeSmith            
Backup : Ilya Samsonov            

Extra Forwards
Normal : Alexis Lafreniere, Yegor Sharangovich, James van Riemsdyk - PP : Alexis Lafreniere, Yegor Sharangovich - PK : Michael Chaput
Extra Defensemen
Normal : Keith Yandle, Will Butcher, K'Andre Miller - PP : Will Butcher - PK : Keith Yandle, Will Butcher
Penalty Shots
Alexis Lafreniere, Yegor Sharangovich, Tyler Johnson, James van Riemsdyk, MacKenzie Entwistle
Custom OT Lines Forwards
James van Riemsdyk, Alexis Lafreniere, Yegor Sharangovich, Ryan Dzingel, MacKenzie Entwistle, Tyler Johnson, Zach Aston-Reese, Anders Bjork, Michael Chaput, Jake Lucchini
Custom OT Lines Defensemen
Will Butcher, Cam Fowler, K'Andre Miller, Keith Yandle, Jakub Zboril

Scratches
Colin Miller (Right Hand Injury), Cody McLeod (Healthy), Jeff Kubiak (Healthy), Brett Connolly (Healthy), Parker Wotherspoon (Healthy)

% Time on Ice - UTAH ICE BEARS

Lines # - Real PCT - Wanted PCT - Time Play
Normal Forward
1 - 37% - 36% - 18:34
2 - 32% - 31% - 15:57
3 - 23% - 23% - 11:40
4 - 8% - 10% - 3:54
Normal Defense
1 - 38% - 36% - 18:48
2 - 31% - 31% - 15:21
3 - 24% - 23% - 11:58
4 - 8% - 10% - 3:58
PP Forward
1 - 48% - 55% - 1:54
2 - 52% - 45% - 2:04
PP Defense
1 - 39% - 55% - 1:34
2 - 61% - 45% - 2:24
PK Forward
1 - 57% - 55% - 3:24
2 - 43% - 45% - 2:33
PK Defense
1 - 51% - 55% - 3:01
2 - 49% - 45% - 2:56
PK3 Forward
1 - 0% - 55%
2 - 0% - 45%
PK3 Defense
1 - 0% - 55%
2 - 0% - 45%
44 Forward
1 - 0% - 55%
2 - 0% - 45%
44 Defense
1 - 0% - 55%
2 - 0% - 45%
Last Minute Offensive  - 0:00
Last Minute Defensive  - 0:00
Total
Forward - 60:00
Defense - 60:00

% Time on Ice - KANSAS CITY KILLERBEES

Lines # - Real PCT - Wanted PCT - Time Play
Normal Forward
1 - 35% - 36% - 17:40
2 - 30% - 31% - 15:00
3 - 20% - 23% - 10:11
4 - 14% - 10% - 7:14
Normal Defense
1 - 37% - 36% - 18:17
2 - 31% - 31% - 15:29
3 - 26% - 23% - 12:51
4 - 7% - 10% - 3:28
PP Forward
1 - 47% - 55% - 2:47
2 - 53% - 45% - 3:10
PP Defense
1 - 52% - 55% - 3:06
2 - 48% - 45% - 2:51
PK Forward
1 - 72% - 55% - 2:51
2 - 28% - 45% - 1:07
PK Defense
1 - 52% - 55% - 2:04
2 - 48% - 45% - 1:54
PK3 Forward
1 - 0% - 55%
2 - 0% - 45%
PK3 Defense
1 - 0% - 55%
2 - 0% - 45%
44 Forward
1 - 0% - 55%
2 - 0% - 45%
44 Defense
1 - 0% - 55%
2 - 0% - 45%
Last Minute Offensive  - 0:00
Last Minute Defensive  - 0:00
Total
Forward - 60:00
Defense - 60:00

Play-by-Play

1st period


0:01 of 1st period - Tyler Johnson wins face-off versus Evgeni Malkin in neutral zone.
0:20 of 1st period - Minor Penalty to MacKenzie Weegar for Roughing.
0:21 of 1st period - James van Riemsdyk wins face-off versus Blake Lizotte in UTAH ICE BEARS zone.
2:20 of 1st period - Shot by Yegor Sharangovich.
2:20 of 1st period - Stopped by Connor Ingram without a rebound.
2:21 of 1st period - Zach Aston-Reese wins face-off versus Alexander Barabanov in UTAH ICE BEARS zone.
2:54 of 1st period - Shot by Ryan Dzingel.
2:54 of 1st period - Shot Misses the Net.
3:08 of 1st period - Icing by T.J. Brodie.
3:09 of 1st period - Tyler Johnson wins face-off versus Matthew Beniers in UTAH ICE BEARS zone.
3:14 of 1st period - Shot by Alexis Lafreniere.
3:14 of 1st period - Shot Misses the Net.
3:26 of 1st period - Shot by Mason Marchment.
3:26 of 1st period - Shot Misses the Net.
3:28 of 1st period - Shot by Mason Marchment.
3:28 of 1st period - Stopped by Connor Ingram without a rebound.
3:29 of 1st period - Evgeni Malkin wins face-off versus Michael Chaput in UTAH ICE BEARS zone.
3:35 of 1st period - Andrew Mangiapane is hit by Keith Yandle and loses puck.
3:56 of 1st period - Shot by Jake Lucchini.
3:56 of 1st period - Shot Blocked by Andrew Peeke.
4:03 of 1st period - Icing by Bowen Byram.
4:04 of 1st period - Evgeni Malkin wins face-off versus Yegor Sharangovich in UTAH ICE BEARS zone.
4:10 of 1st period - Icing by Andrew Peeke.
4:11 of 1st period - Evgeni Malkin wins face-off versus Yegor Sharangovich in UTAH ICE BEARS zone.
4:54 of 1st period - Shot by Rudolfs Balcers.
4:54 of 1st period - Shot Misses the Net.
4:56 of 1st period - Shot by Mark Pysyk.
4:56 of 1st period - Shot Misses the Net.
4:58 of 1st period - Shot by Mark Pysyk.
4:58 of 1st period - Stopped by Casey DeSmith with a rebound.
5:00 of 1st period - Shot by Ross Colton.
5:00 of 1st period - Shot Blocked by K'Andre Miller.
5:02 of 1st period - Shot by Artem Zub.
5:02 of 1st period - Stopped by Casey DeSmith with a rebound.
5:15 of 1st period - Icing by K'Andre Miller.
5:16 of 1st period - Yegor Sharangovich wins face-off versus Blake Lizotte in KANSAS CITY KILLERBEES zone.
5:46 of 1st period - Minor Penalty to Jakub Zboril for Slashing.
5:47 of 1st period - Jake Lucchini wins face-off versus Matthew Beniers in KANSAS CITY KILLERBEES zone.
6:07 of 1st period - Icing by Mark Pysyk.
6:08 of 1st period - Jake Lucchini wins face-off versus Matthew Beniers in UTAH ICE BEARS zone.
6:09 of 1st period - Shot by Buddy Robinson.
6:09 of 1st period - Shot Misses the Net.
6:18 of 1st period - Off-side.
6:19 of 1st period - Evgeni Malkin wins face-off versus Jake Lucchini in neutral zone.
6:56 of 1st period - Shot by Rudolfs Balcers.
6:56 of 1st period - Shot Misses the Net.
8:15 of 1st period - Icing by Jacob Muzzin.
8:16 of 1st period - Tyler Johnson wins face-off versus Evgeni Malkin in KANSAS CITY KILLERBEES zone.
8:16 of 1st period - Tyler Johnson is hit by Andrew Mangiapane.
8:46 of 1st period - Minor Penalty to Evgeni Malkin for Interference.
8:47 of 1st period - Yegor Sharangovich wins face-off versus Blake Lizotte in UTAH ICE BEARS zone.
8:50 of 1st period - Shot by James van Riemsdyk.
8:50 of 1st period - Stopped by Connor Ingram without a rebound.
8:51 of 1st period - Yegor Sharangovich wins face-off versus Blake Lizotte in UTAH ICE BEARS zone.
9:16 of 1st period - Shot by Yegor Sharangovich.
9:16 of 1st period - Stopped by Connor Ingram without a rebound.
9:17 of 1st period - Tyler Johnson wins face-off versus Blake Lizotte in UTAH ICE BEARS zone.
9:18 of 1st period - Shot by Mason Marchment.
9:18 of 1st period - Shot Misses the Net.
9:32 of 1st period - Shot by Nicholas Paul.
9:32 of 1st period - Shot Misses the Net.
9:40 of 1st period - Shot by Rudolfs Balcers.
9:40 of 1st period - Stopped by Casey DeSmith without a rebound.
9:41 of 1st period - Blake Lizotte wins face-off versus Yegor Sharangovich in KANSAS CITY KILLERBEES zone.
10:56 of 1st period - Icing by Andrew Peeke.
10:57 of 1st period - Michael Chaput wins face-off versus Matthew Beniers in UTAH ICE BEARS zone.
11:06 of 1st period - Cam Fowler is hit by Matthew Beniers and loses puck.
11:19 of 1st period - Shot by Alexander Barabanov.
11:19 of 1st period - Shot Misses the Net.
12:17 of 1st period - Shot by Mason Marchment.
12:17 of 1st period - Stopped by Connor Ingram without a rebound.
12:18 of 1st period - Zach Aston-Reese wins face-off versus Ross Colton in UTAH ICE BEARS zone.
12:18 of 1st period - Ryan Dzingel is hit by Artem Zub and loses puck.
12:29 of 1st period - Shot by Zach Aston-Reese.
12:29 of 1st period - Shot Misses the Net.
12:36 of 1st period - Minor Penalty to Artem Zub for Roughing.
12:37 of 1st period - Tyler Johnson wins face-off versus Blake Lizotte in UTAH ICE BEARS zone.
13:14 of 1st period - Icing by Jakub Zboril.
13:15 of 1st period - Rudolfs Balcers wins face-off versus Tyler Johnson in KANSAS CITY KILLERBEES zone.
13:32 of 1st period - Shot by Blake Lizotte.
13:32 of 1st period - Shot Misses the Net.
13:34 of 1st period - Shot by Blake Lizotte.
13:34 of 1st period - Shot Misses the Net.
13:36 of 1st period - Shot by T.J. Brodie.
13:36 of 1st period - Stopped by Casey DeSmith without a rebound.
13:37 of 1st period - Yegor Sharangovich wins face-off versus Nicholas Paul in KANSAS CITY KILLERBEES zone.
14:13 of 1st period - Shot by James van Riemsdyk.
14:13 of 1st period - Stopped by Connor Ingram without a rebound.
14:14 of 1st period - Tyler Johnson wins face-off versus Blake Lizotte in UTAH ICE BEARS zone.
14:29 of 1st period - Shot by Alexis Lafreniere.
14:29 of 1st period - Deflect By Mason Marchment.
14:29 of 1st period - Goal by Mason Marchment - UTAH ICE BEARS : 0 - KANSAS CITY KILLERBEES : 1.
14:30 of 1st period - Zach Aston-Reese wins face-off versus Ross Colton in neutral zone.
14:41 of 1st period - Icing by Jacob Muzzin.
14:42 of 1st period - Evgeni Malkin wins face-off versus Zach Aston-Reese in KANSAS CITY KILLERBEES zone.
15:13 of 1st period - Shot by Andrew Mangiapane.
15:13 of 1st period - Shot Misses the Net.
15:37 of 1st period - Cam Fowler is hit by Matthew Beniers and loses puck.
16:03 of 1st period - Off-side.
16:04 of 1st period - Tyler Johnson wins face-off versus Ross Colton in neutral zone.
16:24 of 1st period - Will Butcher is hit by Rudolfs Balcers and loses puck.
16:33 of 1st period - Artem Zub is hit by Mason Marchment and loses puck.
17:10 of 1st period - Shot by Yegor Sharangovich.
17:10 of 1st period - Goal by Yegor Sharangovich - UTAH ICE BEARS : 0 - KANSAS CITY KILLERBEES : 2.
17:11 of 1st period - Michael Chaput wins face-off versus Evgeni Malkin in neutral zone.
17:31 of 1st period - Icing by Andrew Peeke.
17:32 of 1st period - Evgeni Malkin wins face-off versus Yegor Sharangovich in UTAH ICE BEARS zone.
17:41 of 1st period - Shot by Evgeni Malkin.
17:41 of 1st period - Stopped by Casey DeSmith with a rebound.
17:53 of 1st period - Shot by Yegor Sharangovich.
17:53 of 1st period - Shot Misses the Net.
17:55 of 1st period - Shot by Anders Bjork.
17:55 of 1st period - Stopped by Connor Ingram without a rebound.
17:56 of 1st period - Michael Chaput wins face-off versus Matthew Beniers in UTAH ICE BEARS zone.
18:26 of 1st period - Shot by Lucas Raymond.
18:26 of 1st period - Shot Blocked by K'Andre Miller.
18:36 of 1st period - Shot by Alexander Barabanov.
18:36 of 1st period - Shot Misses the Net.
18:58 of 1st period - Nicholas Paul is hit by MacKenzie Entwistle and loses puck.
19:52 of 1st period - Shot by Kyle Okposo.
19:52 of 1st period - Shot Misses the Net.
Goals for this period are 0 for UTAH ICE BEARS vs 2 for KANSAS CITY KILLERBEES.
Shots for this period are 5 for UTAH ICE BEARS vs 9 for KANSAS CITY KILLERBEES.

2nd period


0:01 of 2nd period - Yegor Sharangovich wins face-off versus Evgeni Malkin in neutral zone.
0:01 of 2nd period - Cam Fowler is hit by Kyle Okposo and loses puck.
0:22 of 2nd period - Shot by Evgeni Malkin.
0:22 of 2nd period - Deflect By Andrew Mangiapane.
0:22 of 2nd period - Shot Blocked by Cam Fowler.
0:32 of 2nd period - Shot by Evgeni Malkin.
0:32 of 2nd period - Stopped by Casey DeSmith with a rebound.
0:40 of 2nd period - Shot by Evgeni Malkin.
0:40 of 2nd period - Stopped by Casey DeSmith without a rebound.
0:41 of 2nd period - Tyler Johnson wins face-off versus Lucas Raymond in KANSAS CITY KILLERBEES zone.
0:41 of 2nd period - Tyler Johnson is hit by Alexander Barabanov.
0:57 of 2nd period - Shot by Lucas Raymond.
0:57 of 2nd period - Stopped by Casey DeSmith with a rebound.
1:03 of 2nd period - Alexander Barabanov is hit by Mason Marchment and loses puck.
1:10 of 2nd period - Shot by Mason Marchment.
1:10 of 2nd period - Stopped by Connor Ingram without a rebound.
1:11 of 2nd period - Ross Colton wins face-off versus Zach Aston-Reese in UTAH ICE BEARS zone.
1:28 of 2nd period - Shot by Ross Colton.
1:28 of 2nd period - Stopped by Casey DeSmith without a rebound.
1:29 of 2nd period - Evgeni Malkin wins face-off versus Yegor Sharangovich in KANSAS CITY KILLERBEES zone.
1:41 of 2nd period - James van Riemsdyk is hit by MacKenzie Weegar and loses puck.
1:56 of 2nd period - Shot by Evgeni Malkin.
1:56 of 2nd period - Deflect By Kyle Okposo.
1:56 of 2nd period - Shot Misses the Net.
1:58 of 2nd period - Shot by MacKenzie Weegar.
1:58 of 2nd period - Shot Misses the Net.
2:00 of 2nd period - Shot by Kyle Okposo.
2:00 of 2nd period - Deflect By Evgeni Malkin.
2:00 of 2nd period - Shot Blocked by Cam Fowler.
2:02 of 2nd period - Shot by Evgeni Malkin.
2:02 of 2nd period - Deflect By Andrew Mangiapane.
2:02 of 2nd period - Shot Misses the Net.
2:04 of 2nd period - Shot by Evgeni Malkin.
2:04 of 2nd period - Shot Misses the Net.
2:31 of 2nd period - Icing by MacKenzie Weegar.
2:32 of 2nd period - Andrew Mangiapane wins face-off versus Tyler Johnson in UTAH ICE BEARS zone.
2:32 of 2nd period - Andrew Mangiapane is hit by Mason Marchment.
2:43 of 2nd period - Icing by K'Andre Miller.
2:44 of 2nd period - Tyler Johnson wins face-off versus Matthew Beniers in KANSAS CITY KILLERBEES zone.
2:44 of 2nd period - Tyler Johnson is hit by Lucas Raymond.
2:59 of 2nd period - Lucas Raymond is hit by K'Andre Miller and loses puck.
3:41 of 2nd period - Shot by Zach Aston-Reese.
3:41 of 2nd period - Shot Misses the Net.
3:43 of 2nd period - Shot by Zach Aston-Reese.
3:43 of 2nd period - Stopped by Connor Ingram without a rebound.
3:44 of 2nd period - Ross Colton wins face-off versus Yegor Sharangovich in UTAH ICE BEARS zone.
3:44 of 2nd period - Ross Colton is hit by James van Riemsdyk.
3:58 of 2nd period - Shot by Yegor Sharangovich.
3:58 of 2nd period - Shot Misses the Net.
4:14 of 2nd period - Shot by Rudolfs Balcers.
4:14 of 2nd period - Stopped by Casey DeSmith without a rebound.
4:15 of 2nd period - Evgeni Malkin wins face-off versus Zach Aston-Reese in KANSAS CITY KILLERBEES zone.
4:49 of 2nd period - Shot by Evgeni Malkin.
4:49 of 2nd period - Shot Misses the Net.
4:51 of 2nd period - Shot by Andrew Mangiapane.
4:51 of 2nd period - Shot Misses the Net.
4:59 of 2nd period - Shot by Evgeni Malkin.
4:59 of 2nd period - Shot Misses the Net.
5:22 of 2nd period - Mason Marchment is hit by Kyle Okposo and loses puck.
6:06 of 2nd period - Icing by Andrew Peeke.
6:07 of 2nd period - Matthew Beniers wins face-off versus Yegor Sharangovich in UTAH ICE BEARS zone.
6:14 of 2nd period - Shot by Alexander Barabanov.
6:14 of 2nd period - Stopped by Casey DeSmith without a rebound.
6:15 of 2nd period - Yegor Sharangovich wins face-off versus Ross Colton in KANSAS CITY KILLERBEES zone.
6:15 of 2nd period - Yegor Sharangovich is hit by Rudolfs Balcers.
6:31 of 2nd period - Icing by K'Andre Miller.
6:32 of 2nd period - Yegor Sharangovich wins face-off versus Matthew Beniers in KANSAS CITY KILLERBEES zone.
6:32 of 2nd period - Yegor Sharangovich is hit by Lucas Raymond.
6:41 of 2nd period - James van Riemsdyk is hit by Andrew Peeke and loses puck.
6:54 of 2nd period - Shot by Lucas Raymond.
6:54 of 2nd period - Stopped by Casey DeSmith without a rebound.
6:55 of 2nd period - Ross Colton wins face-off versus Alexis Lafreniere in KANSAS CITY KILLERBEES zone.
7:21 of 2nd period - Shot by Nicholas Paul.
7:21 of 2nd period - Stopped by Casey DeSmith without a rebound.
7:22 of 2nd period - Zach Aston-Reese wins face-off versus Matthew Beniers in KANSAS CITY KILLERBEES zone.
7:22 of 2nd period - Zach Aston-Reese is hit by Alexander Barabanov.
7:34 of 2nd period - Shot by Ryan Dzingel.
7:34 of 2nd period - Shot Blocked by Andrew Peeke.
7:49 of 2nd period - Icing by Alexander Barabanov.
7:50 of 2nd period - Tyler Johnson wins face-off versus Matthew Beniers in UTAH ICE BEARS zone.
8:33 of 2nd period - Shot by Nicholas Paul.
8:33 of 2nd period - Shot Misses the Net.
8:39 of 2nd period - Shot by Nicholas Paul.
8:39 of 2nd period - Stopped by Casey DeSmith without a rebound.
8:40 of 2nd period - Yegor Sharangovich wins face-off versus Evgeni Malkin in KANSAS CITY KILLERBEES zone.
8:53 of 2nd period - Shot by Yegor Sharangovich.
8:53 of 2nd period - Shot Misses the Net.
8:59 of 2nd period - Shot by Evgeni Malkin.
8:59 of 2nd period - Stopped by Casey DeSmith without a rebound.
9:00 of 2nd period - Ross Colton wins face-off versus Zach Aston-Reese in KANSAS CITY KILLERBEES zone.
9:40 of 2nd period - Shot by Nicholas Paul.
9:40 of 2nd period - Shot Misses the Net.
10:01 of 2nd period - Icing by Bowen Byram.
10:02 of 2nd period - Tyler Johnson wins face-off versus Lucas Raymond in UTAH ICE BEARS zone.
10:09 of 2nd period - Shot by Mason Marchment.
10:09 of 2nd period - Shot Misses the Net.
10:11 of 2nd period - Shot by Jakub Zboril.
10:11 of 2nd period - Shot Blocked by Alexander Barabanov.
10:37 of 2nd period - Shot by Mason Marchment.
10:37 of 2nd period - Goal by Mason Marchment - UTAH ICE BEARS : 0 - KANSAS CITY KILLERBEES : 3.
10:38 of 2nd period - Evgeni Malkin wins face-off versus Anders Bjork in neutral zone.
10:38 of 2nd period - Andrew Mangiapane is hit by Anders Bjork and loses puck.
10:43 of 2nd period - Shot by Evgeni Malkin.
10:43 of 2nd period - Goal by Evgeni Malkin - UTAH ICE BEARS : 1 - KANSAS CITY KILLERBEES : 3.
10:44 of 2nd period - Evgeni Malkin wins face-off versus Yegor Sharangovich in neutral zone.
10:48 of 2nd period - Icing by Jacob Muzzin.
10:49 of 2nd period - Evgeni Malkin wins face-off versus Anders Bjork in KANSAS CITY KILLERBEES zone.
11:08 of 2nd period - Shot by James van Riemsdyk.
11:08 of 2nd period - Shot Blocked by MacKenzie Weegar.
11:10 of 2nd period - Shot by Cam Fowler.
11:10 of 2nd period - Stopped by Connor Ingram without a rebound.
11:11 of 2nd period - Casey Mittelstadt wins face-off versus Tyler Johnson in UTAH ICE BEARS zone.
11:11 of 2nd period - Casey Mittelstadt is hit by Tyler Johnson.
11:24 of 2nd period - Blake Lizotte is hit by K'Andre Miller.
11:27 of 2nd period - Zachary Sanford is hit by Jakub Zboril and loses puck.
11:43 of 2nd period - Alexis Lafreniere is hit by Andrew Peeke and loses puck.
11:55 of 2nd period - Casey Mittelstadt is hit by Jakub Zboril and loses puck.
12:19 of 2nd period - Icing by T.J. Brodie.
12:20 of 2nd period - Andrew Mangiapane wins face-off versus Yegor Sharangovich in UTAH ICE BEARS zone.
12:29 of 2nd period - Jacob Muzzin is hit by Andrew Mangiapane and loses puck.
13:30 of 2nd period - Shot by Alexander Barabanov.
13:30 of 2nd period - Goal by Alexander Barabanov - UTAH ICE BEARS : 2 - KANSAS CITY KILLERBEES : 3.
13:31 of 2nd period - Michael Chaput wins face-off versus Ross Colton in neutral zone.
13:37 of 2nd period - Jake Lucchini is hit by Bowen Byram.
13:57 of 2nd period - Shot by Jake Lucchini.
13:57 of 2nd period - Shot Misses the Net.
14:29 of 2nd period - Shot by Matthew Beniers.
14:29 of 2nd period - Shot Blocked by Keith Yandle.
14:31 of 2nd period - Shot by Alexander Barabanov.
14:31 of 2nd period - Shot Misses the Net.
14:33 of 2nd period - Shot by Lucas Raymond.
14:33 of 2nd period - Stopped by Casey DeSmith without a rebound.
14:34 of 2nd period - Tyler Johnson wins face-off versus Evgeni Malkin in KANSAS CITY KILLERBEES zone.
14:51 of 2nd period - Shot by Evgeni Malkin.
14:51 of 2nd period - Shot Misses the Net.
15:38 of 2nd period - Icing by Jacob Muzzin.
15:39 of 2nd period - Matthew Beniers wins face-off versus Yegor Sharangovich in KANSAS CITY KILLERBEES zone.
15:58 of 2nd period - Shot by James van Riemsdyk.
15:58 of 2nd period - Shot Misses the Net.
16:10 of 2nd period - Shot by Yegor Sharangovich.
16:10 of 2nd period - Shot Misses the Net.
16:12 of 2nd period - Shot by Jacob Muzzin.
16:12 of 2nd period - Stopped by Connor Ingram with a rebound.
16:16 of 2nd period - Shot by Yegor Sharangovich.
16:16 of 2nd period - Shot Misses the Net.
16:18 of 2nd period - Shot by Jakub Zboril.
16:18 of 2nd period - Shot Blocked by Bowen Byram.
16:25 of 2nd period - Icing by Andrew Peeke.
16:26 of 2nd period - Zach Aston-Reese wins face-off versus Matthew Beniers in UTAH ICE BEARS zone.
16:31 of 2nd period - Shot by Buddy Robinson.
16:31 of 2nd period - Shot Misses the Net.
17:14 of 2nd period - Icing by Bowen Byram.
17:15 of 2nd period - Tyler Johnson wins face-off versus Matthew Beniers in UTAH ICE BEARS zone.
17:37 of 2nd period - Tyler Johnson is hit by Andrew Peeke and loses puck.
17:44 of 2nd period - Shot by Alexis Lafreniere.
17:44 of 2nd period - Deflect By Tyler Johnson.
17:44 of 2nd period - Shot Blocked by Andrew Peeke.
18:23 of 2nd period - Shot by James van Riemsdyk.
18:23 of 2nd period - Stopped by Connor Ingram without a rebound.
18:24 of 2nd period - Michael Chaput wins face-off versus Rudolfs Balcers in UTAH ICE BEARS zone.
18:45 of 2nd period - Shot by MacKenzie Entwistle.
18:45 of 2nd period - Stopped by Connor Ingram with a rebound.
19:20 of 2nd period - Shot by Evgeni Malkin.
19:20 of 2nd period - Stopped by Casey DeSmith without a rebound.
19:21 of 2nd period - Evgeni Malkin wins face-off versus Yegor Sharangovich in KANSAS CITY KILLERBEES zone.
19:37 of 2nd period - Evgeni Malkin is hit by James van Riemsdyk and loses puck.
Goals for this period are 2 for UTAH ICE BEARS vs 1 for KANSAS CITY KILLERBEES.
Shots for this period are 14 for UTAH ICE BEARS vs 7 for KANSAS CITY KILLERBEES.

3rd period


0:01 of 3rd period - Evgeni Malkin wins face-off versus Tyler Johnson in neutral zone.
0:16 of 3rd period - Kyle Okposo is hit by Mason Marchment and loses puck.
0:52 of 3rd period - Icing by Mason Marchment.
0:53 of 3rd period - Ross Colton wins face-off versus Tyler Johnson in KANSAS CITY KILLERBEES zone.
1:00 of 3rd period - Shot by Rudolfs Balcers.
1:00 of 3rd period - Stopped by Casey DeSmith without a rebound.
1:01 of 3rd period - Yegor Sharangovich wins face-off versus Blake Lizotte in KANSAS CITY KILLERBEES zone.
1:01 of 3rd period - Yegor Sharangovich is hit by Zachary Sanford.
1:35 of 3rd period - Shot by Blake Lizotte.
1:35 of 3rd period - Shot Misses the Net.
1:37 of 3rd period - Shot by Blake Lizotte.
1:37 of 3rd period - Shot Blocked by Cam Fowler.
1:43 of 3rd period - Shot by Zachary Sanford.
1:43 of 3rd period - Shot Blocked by Jacob Muzzin.
2:06 of 3rd period - Shot by Rudolfs Balcers.
2:06 of 3rd period - Stopped by Casey DeSmith with a rebound.
2:08 of 3rd period - Shot by Rudolfs Balcers.
2:08 of 3rd period - Shot Misses the Net.
2:18 of 3rd period - Shot by Rudolfs Balcers.
2:18 of 3rd period - Shot Hit the Post.
2:20 of 3rd period - Shot by Artem Zub.
2:20 of 3rd period - Stopped by Casey DeSmith with a rebound.
2:31 of 3rd period - Off-side.
2:32 of 3rd period - Tyler Johnson wins face-off versus Evgeni Malkin in neutral zone.
2:45 of 3rd period - Shot by Andrew Mangiapane.
2:45 of 3rd period - Stopped by Casey DeSmith with a rebound.
2:47 of 3rd period - Shot by Evgeni Malkin.
2:47 of 3rd period - Shot Misses the Net.
2:49 of 3rd period - Shot by Andrew Mangiapane.
2:49 of 3rd period - Stopped by Casey DeSmith without a rebound.
2:50 of 3rd period - Matthew Beniers wins face-off versus Zach Aston-Reese in KANSAS CITY KILLERBEES zone.
2:52 of 3rd period - Alexander Barabanov is hit by Jakub Zboril and loses puck.
3:14 of 3rd period - Icing by MacKenzie Weegar.
3:15 of 3rd period - Tyler Johnson wins face-off versus Lucas Raymond in UTAH ICE BEARS zone.
3:25 of 3rd period - Off-side.
3:26 of 3rd period - Evgeni Malkin wins face-off versus Michael Chaput in neutral zone.
4:25 of 3rd period - Icing by Artem Zub.
4:26 of 3rd period - Ross Colton wins face-off versus Tyler Johnson in UTAH ICE BEARS zone.
4:47 of 3rd period - Off-side.
4:48 of 3rd period - Matthew Beniers wins face-off versus Yegor Sharangovich in neutral zone.
5:06 of 3rd period - Shot by Lucas Raymond.
5:06 of 3rd period - Shot Misses the Net.
5:29 of 3rd period - Icing by Yegor Sharangovich.
5:30 of 3rd period - Evgeni Malkin wins face-off versus Yegor Sharangovich in KANSAS CITY KILLERBEES zone.
5:50 of 3rd period - Shot by Evgeni Malkin.
5:50 of 3rd period - Shot Blocked by Will Butcher.
6:32 of 3rd period - Icing by Mark Pysyk.
6:33 of 3rd period - Ross Colton wins face-off versus Zach Aston-Reese in UTAH ICE BEARS zone.
6:53 of 3rd period - Icing by Nicholas Paul.
6:54 of 3rd period - Tyler Johnson wins face-off versus Ross Colton in UTAH ICE BEARS zone.
6:58 of 3rd period - Minor Penalty to Artem Zub for Interference.
6:59 of 3rd period - Alexis Lafreniere wins face-off versus Blake Lizotte in UTAH ICE BEARS zone.
7:00 of 3rd period - Shot by Mason Marchment.
7:00 of 3rd period - Deflect By Alexis Lafreniere.
7:00 of 3rd period - Shot Misses the Net.
7:02 of 3rd period - Shot by Mason Marchment.
7:02 of 3rd period - Shot Misses the Net.
7:04 of 3rd period - Shot by Mason Marchment.
7:04 of 3rd period - Goal by Mason Marchment - UTAH ICE BEARS : 2 - KANSAS CITY KILLERBEES : 4.
7:04 of 3rd period - Thatcher Demko enters game.
7:05 of 3rd period - Blake Lizotte wins face-off versus Tyler Johnson in neutral zone.
7:08 of 3rd period - Shot by Casey Mittelstadt.
7:08 of 3rd period - Shot Blocked by Cam Fowler.
7:33 of 3rd period - Shot by Casey Mittelstadt.
7:33 of 3rd period - Deflect By Zachary Sanford.
7:33 of 3rd period - Stopped by Casey DeSmith without a rebound.
7:34 of 3rd period - Evgeni Malkin wins face-off versus Zach Aston-Reese in KANSAS CITY KILLERBEES zone.
7:39 of 3rd period - Shot by Evgeni Malkin.
7:39 of 3rd period - Shot Blocked by Zach Aston-Reese.
7:49 of 3rd period - Minor Penalty to Zach Aston-Reese for Interference.
7:50 of 3rd period - Jake Lucchini wins face-off versus Matthew Beniers in KANSAS CITY KILLERBEES zone.
8:09 of 3rd period - Shot by Lucas Raymond.
8:09 of 3rd period - Stopped by Casey DeSmith with a rebound.
8:11 of 3rd period - Shot by Mark Pysyk.
8:11 of 3rd period - Stopped by Casey DeSmith without a rebound.
8:12 of 3rd period - Evgeni Malkin wins face-off versus Ryan Dzingel in KANSAS CITY KILLERBEES zone.
8:22 of 3rd period - Shot by Evgeni Malkin.
8:22 of 3rd period - Stopped by Casey DeSmith without a rebound.
8:23 of 3rd period - Matthew Beniers wins face-off versus Jake Lucchini in KANSAS CITY KILLERBEES zone.
8:42 of 3rd period - Shot by Alexander Barabanov.
8:42 of 3rd period - Stopped by Casey DeSmith with a rebound.
8:44 of 3rd period - Shot by Lucas Raymond.
8:44 of 3rd period - Shot Hit the Post.
8:50 of 3rd period - Shot by Alexander Barabanov.
8:50 of 3rd period - Deflect By Matthew Beniers.
8:50 of 3rd period - Stopped by Casey DeSmith without a rebound.
8:51 of 3rd period - Evgeni Malkin wins face-off versus Ryan Dzingel in KANSAS CITY KILLERBEES zone.
8:58 of 3rd period - Shot by Evgeni Malkin.
8:58 of 3rd period - Stopped by Casey DeSmith without a rebound.
8:59 of 3rd period - Ryan Dzingel wins face-off versus Evgeni Malkin in KANSAS CITY KILLERBEES zone.
9:37 of 3rd period - Shot by Evgeni Malkin.
9:37 of 3rd period - Shot Misses the Net.
9:39 of 3rd period - Shot by Evgeni Malkin.
9:39 of 3rd period - Shot Misses the Net.
9:41 of 3rd period - Shot by Nicholas Paul.
9:41 of 3rd period - Stopped by Casey DeSmith with a rebound.
9:43 of 3rd period - Shot by Evgeni Malkin.
9:43 of 3rd period - Stopped by Casey DeSmith without a rebound.
9:44 of 3rd period - Ryan Dzingel wins face-off versus Matthew Beniers in KANSAS CITY KILLERBEES zone.
9:50 of 3rd period - Icing by Ryan Dzingel.
9:51 of 3rd period - Matthew Beniers wins face-off versus Tyler Johnson in KANSAS CITY KILLERBEES zone.
10:12 of 3rd period - Shot by Lucas Raymond.
10:12 of 3rd period - Goal by Lucas Raymond - UTAH ICE BEARS : 3 - KANSAS CITY KILLERBEES : 4.
10:13 of 3rd period - Evgeni Malkin wins face-off versus Yegor Sharangovich in neutral zone.
11:05 of 3rd period - Shot by Mason Marchment.
11:05 of 3rd period - Stopped by Thatcher Demko without a rebound.
11:06 of 3rd period - Matthew Beniers wins face-off versus Tyler Johnson in UTAH ICE BEARS zone.
11:18 of 3rd period - Icing by Alexis Lafreniere.
11:19 of 3rd period - Tyler Johnson wins face-off versus Ross Colton in KANSAS CITY KILLERBEES zone.
11:19 of 3rd period - Tyler Johnson is hit by Rudolfs Balcers.
11:24 of 3rd period - Off-side.
11:25 of 3rd period - Ross Colton wins face-off versus Zach Aston-Reese in neutral zone.
12:06 of 3rd period - MacKenzie Weegar is hit by Zach Aston-Reese and loses puck.
12:14 of 3rd period - Icing by MacKenzie Weegar.
12:15 of 3rd period - Ross Colton wins face-off versus Tyler Johnson in UTAH ICE BEARS zone.
12:42 of 3rd period - Shot by Lucas Raymond.
12:42 of 3rd period - Shot Blocked by Jacob Muzzin.
12:44 of 3rd period - Shot by Lucas Raymond.
12:44 of 3rd period - Goal by Lucas Raymond - UTAH ICE BEARS : 4 - KANSAS CITY KILLERBEES : 4.
12:45 of 3rd period - Yegor Sharangovich wins face-off versus Evgeni Malkin in neutral zone.
12:59 of 3rd period - Shot by Evgeni Malkin.
12:59 of 3rd period - Stopped by Casey DeSmith without a rebound.
13:00 of 3rd period - Michael Chaput wins face-off versus Matthew Beniers in KANSAS CITY KILLERBEES zone.
13:09 of 3rd period - Shot by MacKenzie Entwistle.
13:09 of 3rd period - Shot Misses the Net.
14:30 of 3rd period - Shot by Evgeni Malkin.
14:30 of 3rd period - Shot Misses the Net.
14:32 of 3rd period - Shot by Evgeni Malkin.
14:32 of 3rd period - Shot Misses the Net.
14:36 of 3rd period - Shot by Evgeni Malkin.
14:36 of 3rd period - Stopped by Casey DeSmith without a rebound.
14:37 of 3rd period - Ryan Dzingel wins face-off versus Ross Colton in KANSAS CITY KILLERBEES zone.
14:44 of 3rd period - Shot by Ross Colton.
14:44 of 3rd period - Shot Blocked by Cam Fowler.
15:17 of 3rd period - Rudolfs Balcers is hit by Jacob Muzzin and loses puck.
15:23 of 3rd period - Off-side.
15:24 of 3rd period - Yegor Sharangovich wins face-off versus Matthew Beniers in neutral zone.
15:41 of 3rd period - Shot by Yegor Sharangovich.
15:41 of 3rd period - Shot Misses the Net.
15:43 of 3rd period - Shot by K'Andre Miller.
15:43 of 3rd period - Stopped by Thatcher Demko with a rebound.
15:45 of 3rd period - Shot by Jakub Zboril.
15:45 of 3rd period - Stopped by Thatcher Demko without a rebound.
15:46 of 3rd period - Tyler Johnson wins face-off versus Evgeni Malkin in UTAH ICE BEARS zone.
16:05 of 3rd period - Shot by Evgeni Malkin.
16:05 of 3rd period - Shot Misses the Net.
16:10 of 3rd period - Icing by Mason Marchment.
16:11 of 3rd period - Tyler Johnson wins face-off versus Alexander Barabanov in KANSAS CITY KILLERBEES zone.
16:54 of 3rd period - Icing by K'Andre Miller.
16:55 of 3rd period - Evgeni Malkin wins face-off versus Yegor Sharangovich in KANSAS CITY KILLERBEES zone.
17:32 of 3rd period - Shot by Andrew Mangiapane.
17:32 of 3rd period - Shot Misses the Net.
17:38 of 3rd period - Shot by Evgeni Malkin.
17:38 of 3rd period - Deflect By Kyle Okposo.
17:38 of 3rd period - Shot Misses the Net.
18:09 of 3rd period - Cam Fowler is hit by Artem Zub and loses puck.
18:15 of 3rd period - Icing by Blake Lizotte.
18:16 of 3rd period - Blake Lizotte wins face-off versus Tyler Johnson in UTAH ICE BEARS zone.
18:16 of 3rd period - Blake Lizotte is hit by Tyler Johnson.
18:19 of 3rd period - Icing by Zachary Sanford.
18:20 of 3rd period - Zach Aston-Reese wins face-off versus Blake Lizotte in UTAH ICE BEARS zone.
18:20 of 3rd period - Cam Fowler is hit by Mark Pysyk and loses puck.
18:29 of 3rd period - Shot by Casey Mittelstadt.
18:29 of 3rd period - Stopped by Casey DeSmith without a rebound.
18:30 of 3rd period - Tyler Johnson wins face-off versus Ross Colton in KANSAS CITY KILLERBEES zone.
18:30 of 3rd period - Tyler Johnson is hit by Rudolfs Balcers.
18:47 of 3rd period - Cam Fowler is hit by Bowen Byram and loses puck.
18:56 of 3rd period - Mason Marchment is hit by Ross Colton and loses puck.
19:32 of 3rd period - Andrew Mangiapane is hit by Keith Yandle.
19:40 of 3rd period - Shot by Evgeni Malkin.
19:40 of 3rd period - Deflect By Andrew Mangiapane.
19:40 of 3rd period - Shot Blocked by Will Butcher.
19:42 of 3rd period - Shot by MacKenzie Weegar.
19:42 of 3rd period - Stopped by Casey DeSmith without a rebound.
19:43 of 3rd period - Michael Chaput wins face-off versus Matthew Beniers in KANSAS CITY KILLERBEES zone.
19:45 of 3rd period - Icing by Jake Lucchini.
19:46 of 3rd period - Michael Chaput wins face-off versus Matthew Beniers in KANSAS CITY KILLERBEES zone.
19:46 of 3rd period - Michael Chaput is hit by Lucas Raymond.
19:53 of 3rd period - Shot by Lucas Raymond.
19:53 of 3rd period - Deflect By Matthew Beniers.
19:53 of 3rd period - Stopped by Casey DeSmith with a rebound.
Goals for this period are 2 for UTAH ICE BEARS vs 1 for KANSAS CITY KILLERBEES.
Shots for this period are 21 for UTAH ICE BEARS vs 4 for KANSAS CITY KILLERBEES.

Overtime #1


0:01 of 1st overtime period - Evgeni Malkin wins face-off versus James van Riemsdyk in neutral zone.
0:07 of 1st overtime period - Icing by Will Butcher.
0:08 of 1st overtime period - Evgeni Malkin wins face-off versus James van Riemsdyk in KANSAS CITY KILLERBEES zone.
0:11 of 1st overtime period - Shot by Evgeni Malkin.
0:11 of 1st overtime period - Shot Blocked by Alexis Lafreniere.
0:27 of 1st overtime period - Shot by Evgeni Malkin.
0:27 of 1st overtime period - Shot Misses the Net.
0:43 of 1st overtime period - Shot by James van Riemsdyk.
0:43 of 1st overtime period - Stopped by Thatcher Demko without a rebound.
0:44 of 1st overtime period - Kyle Okposo wins face-off versus Ryan Dzingel in UTAH ICE BEARS zone.
0:46 of 1st overtime period - Icing by Alexander Barabanov.
0:47 of 1st overtime period - James van Riemsdyk wins face-off versus Kyle Okposo in UTAH ICE BEARS zone.
1:32 of 1st overtime period - Shot by Alexander Barabanov.
1:32 of 1st overtime period - Stopped by Casey DeSmith without a rebound.
1:33 of 1st overtime period - Ryan Dzingel wins face-off versus Evgeni Malkin in KANSAS CITY KILLERBEES zone.
1:33 of 1st overtime period - Ryan Dzingel is hit by Andrew Mangiapane.
3:09 of 1st overtime period - Shot by James van Riemsdyk.
3:09 of 1st overtime period - Stopped by Thatcher Demko without a rebound.
3:10 of 1st overtime period - Tyler Johnson wins face-off versus Nicholas Paul in UTAH ICE BEARS zone.
3:17 of 1st overtime period - Shot by Nicholas Paul.
3:17 of 1st overtime period - Stopped by Casey DeSmith without a rebound.
3:18 of 1st overtime period - Evgeni Malkin wins face-off versus James van Riemsdyk in KANSAS CITY KILLERBEES zone.
4:46 of 1st overtime period - Shot by Ross Colton.
4:46 of 1st overtime period - Shot Misses the Net.
4:48 of 1st overtime period - Shot by Nicholas Paul.
4:48 of 1st overtime period - Shot Misses the Net.
Goals for this period are 0 for UTAH ICE BEARS vs 0 for KANSAS CITY KILLERBEES.
Shots for this period are 2 for UTAH ICE BEARS vs 2 for KANSAS CITY KILLERBEES.

ShootOut


5:00 of 1st overtime period - Round #1.
5:00 of 1st overtime period - UTAH ICE BEARS, Evgeni Malkin.
5:00 of 1st overtime period - Goal by Evgeni Malkin.
5:00 of 1st overtime period - KANSAS CITY KILLERBEES, Alexis Lafreniere.
5:00 of 1st overtime period - Goal by Alexis Lafreniere.
5:00 of 1st overtime period - Round #2.
5:00 of 1st overtime period - UTAH ICE BEARS, Blake Lizotte.
5:00 of 1st overtime period - Stopped by Casey DeSmith.
5:00 of 1st overtime period - KANSAS CITY KILLERBEES, Yegor Sharangovich.
5:00 of 1st overtime period - Shot Misses the Net.
5:00 of 1st overtime period - Round #3.
5:00 of 1st overtime period - UTAH ICE BEARS, Kyle Okposo.
5:00 of 1st overtime period - Stopped by Casey DeSmith.
5:00 of 1st overtime period - KANSAS CITY KILLERBEES, Tyler Johnson.
5:00 of 1st overtime period - Stopped by Thatcher Demko.
5:00 of 1st overtime period - Round #4.
5:00 of 1st overtime period - UTAH ICE BEARS, Alexander Barabanov.
5:00 of 1st overtime period - Goal by Alexander Barabanov.
5:00 of 1st overtime period - KANSAS CITY KILLERBEES, James van Riemsdyk.
5:00 of 1st overtime period - Shot Misses the Net.


DARCY
KUEMPER
JAKE
OETTINGER
NINO
NIEDERREITER

EAST COAST

HOCKEY LEAGUE

  • 1.CHI2QUE4
  • 2.LIM2CHA3
  • 3.LON3TRV5
  • 4.BAL5CHW6
  • 5.MANPIT
  • 6.NHWATL
  • 7.PETWOR
  • 8.RHI